Map: Eternal Empire LE

Players

ViBE - Winner!

  • Race: Terran Terran
  • League: Platinum
  • Spawn Location: 7:00

rumblefish

  • Race: Terran Terran
  • League: Platinum
  • Spawn Location: 1:00

VOD

https://youtu.be/d1d4jAF2Ddc

Description

Time

  • Played on: Dec. 9, 2019, 11:08 p.m.
  • Length: 13:50
Show
View Real Time Build Order
Export as new Build Order

ViBE Terran - Winner!

Build Orders: Reaper Expand, Mech 

Get SALT Encoding   

  12  0:01  SCV  
  13  0:13  SCV  
  14  0:17  Supply Depot  
  14  0:25  SCV  
  15  0:39  SCV  
  15  0:41  Barracks  
  16  0:46  Refinery  
  16  0:51  SCV  
  17  1:03  SCV  
  18  1:15  SCV  
  19  1:28  Orbital Command  
  19  1:29  Reaper  
  20  1:45  Command Center  
  20  1:54  SCV  
  21  2:06  SCV  
  22  2:08  Factory  
  22  2:14  Supply Depot  
  22  2:18  Barracks Tech Lab  
  22  2:19  SCV  
  23  2:31  Refinery  
  23  2:35  SCV  
  24  2:47  SCV  
  26  2:59  SCV  
  26  3:00  Orbital Command  
  26  3:08  Siege Tank  
  26  3:11  SCV  
  30  3:24  SCV  
  31  3:28  Command Center  
  31  3:32  SCV  
  32  3:36  SCV  
  32  3:37  Factory  
  33  3:44  SCV  
  33  3:48  SCV  
  35  3:55  Siege Tank  
  38  3:57  SCV  
  38  4:00  SCV  
  40  4:05  Supply Depot  
  40  4:07  Supply Depot  
  40  4:09  SCV  
  41  4:10  Barracks Reactor  
  41  4:12  SCV  
  42  4:20  Refinery  
  42  4:21  Refinery, SCV  
  43  4:24  SCV  
  44  4:32  Siege Tank  
  44  4:33  SCV, Engineering Bay  
  44  4:36  SCV, Armory  
  49  4:40  Orbital Command  
  49  4:45  SCV  
  50  4:48  SCV  
  51  4:57  SCV  
  52  5:00  SCV  
  52  5:06  SCV  
  53  5:09  SCV  
  53  5:12  SCV, Orbital Command, Siege Tank  
  58  5:16  Hellion x2  
  62  5:21  Command Center, SCV  
  62  5:25  SCV  
  64  5:33  SCV  
  65  5:37  SCV  
  65  5:38  Terran Vehicle Weapons Level 1  
  65  5:40  Hellion  
  65  5:41  Hellion  
  70  5:44  Thor  
  70  5:45  SCV  
  77  5:57  Supply Depot x3  
  77  6:03  Supply Depot  
  77  6:08  Factory  
  77  6:10  Factory  
  77  6:14  Factory  
  77  6:16  Factory  
  77  6:18  SCV x3, Armory  
  80  6:30  SCV x2  
  80  6:31  Thor, Hellion  
  80  6:32  Hellion  
  92  6:38  SCV  
  93  6:42  SCV x2  
  93  6:43  Refinery  
  93  6:44  Refinery  
  93  6:46  Factory  
  95  6:55  Factory Tech Lab x2  
  95  6:56  SCV x2  
  95  6:57  SCV  
  95  6:58  Factory Reactor  
  95  6:59  Factory Tech Lab  
  95  7:01  Hellion x2  
  102  7:08  SCV  
  102  7:09  SCV  
  102  7:10  SCV  
  102  7:14  Supply Depot x2, Terran Vehicle And Ship Armor Level 1  
  105  7:20  Smart Servos, SCV, Infernal Pre-Igniter  
  105  7:21  SCV  
  105  7:22  SCV  
  108  7:27  Thor  
  108  7:28  Hellbat  
  108  7:29  Hellbat x3  
  122  7:33  SCV x2  
  122  7:35  SCV  
  125  7:50  SCV x3  
  124  7:56  Thor  
  124  7:57  Factory Tech Lab  
  133  7:58  Hellbat x2, Terran Vehicle Weapons Level 2  
  133  7:59  Hellbat x2  
  133  8:02  SCV x3  
  130  8:14  SCV x3  
  133  8:26  SCV x2  
  135  8:31  Hellion x2  
  139  8:41  SCV  
  140  8:43  Planetary Fortress, Refinery  
  140  8:47  Refinery  
  140  8:48  Supply Depot x2  
  140  8:51  Supply Depot  
  140  8:52  Supply Depot  
  140  8:53  Supply Depot  
  140  8:55  Supply Depot  
  140  8:58  Command Center  
  140  9:09  Thor x2  
  156  9:10  Hellbat x2  
  156  9:12  Thor  
  156  9:13  Thor  
  168  9:17  SCV x3  
  168  9:19  SCV  
  168  9:22  Terran Vehicle And Ship Armor Level 2  
  172  9:29  Supply Depot  
  172  9:30  Supply Depot  
  172  9:39  Hi-Sec Auto Tracking  
  172  9:53  Missile Turret  
  172  9:54  Missile Turret  
  172  9:58  Sensor Tower  
  171  10:00  Sensor Tower  
  171  10:01  Sensor Tower  
  171  10:04  Missile Turret x2  
  171  10:06  Missile Turret  
  171  10:12  SCV x4  
  173  10:24  Siege Tank x5, SCV x3  
  173  10:25  Hellbat x4  
  193  10:29  Hellion x2  
  193  10:36  Neosteel Armor  
  193  10:59  Siege Tank x2  
  193  11:00  SCV  
  200  11:07  Factory  
  200  11:08  Factory x2  
  200  11:09  Factory x2  
  200  11:10  Factory  
  198  11:16  Factory  
  196  11:26  Siege Tank  
  185  11:40  Siege Tank x3  
  185  11:41  Hellbat x2  
  185  11:42  Hellbat  
  196  11:59  SCV x4  
  188  12:11  SCV x3  
  188  12:15  Missile Turret x2  
  191  12:20  Factory Tech Lab x3  
  191  12:21  Factory Reactor x2  
  191  12:22  Factory Reactor  
  191  12:39  Command Center  
  191  12:46  Command Center  
  191  12:49  Command Center  
  191  12:50  Command Center  
  191  12:54  Command Center  
  191  12:56  Command Center  
  191  13:03  Command Center  
  188  13:09  Siege Tank x3  
  188  13:10  Siege Tank x2  
  200  13:43  Unknown  
Show
View Real Time Build Order
Export as new Build Order

rumblefish Terran 

Build Orders:  

Get SALT Encoding   

  12  0:01  SCV  
  13  0:13  SCV  
  14  0:19  Supply Depot  
  14  0:25  SCV  
  15  0:33  Refinery  
  15  0:40  SCV  
  16  0:46  Barracks  
  16  0:53  SCV  
  17  1:05  SCV  
  18  1:17  SCV  
  19  1:29  SCV  
  20  1:37  Command Center  
  20  1:39  Marine  
  21  1:54  Barracks  
  21  1:57  Marine  
  22  2:10  Orbital Command  
  22  2:29  Marine  
  23  2:49  Marine x2  
  25  2:52  Orbital Command  
  25  2:54  SCV  
  26  3:04  Factory  
  26  3:06  SCV  
  26  3:07  Marine x2  
  26  3:11  Barracks  
  29  3:18  SCV  
  29  3:19  SCV  
  30  3:24  Marine  
  31  3:28  Refinery  
  31  3:30  SCV  
  31  3:31  SCV  
  33  3:43  SCV x2  
  33  3:44  Supply Depot, Barracks Tech Lab  
  33  3:46  Supply Depot  
  35  3:50  Marine  
  35  3:52  Barracks  
  35  3:55  SCV x2  
  38  4:06  Marine x2  
  38  4:07  SCV  
  38  4:09  Stimpack  
  41  4:13  Factory Tech Lab  
  41  4:19  Marine  
  41  4:20  Starport  
  42  4:24  Marine  
  42  4:25  SCV x2  
  42  4:31  Refinery x2  
  45  4:37  Siege Tank, SCV  
  49  4:55  Command Center, Marine  
  49  4:56  Marine x2  
  52  5:04  SCV x2  
  54  5:19  Supply Depot  
  54  5:20  Starport Reactor  
  54  5:28  Engineering Bay x2  
  54  5:32  Supply Depot  
  54  5:35  Siege Tank, Marine x2, SCV x2, Supply Depot  
  61  5:47  SCV  
  62  5:50  Barracks Reactor x2  
  62  5:54  Combat Shield  
  62  6:00  Medivac  
  64  6:04  Medivac  
  64  6:06  SCV  
  64  6:07  Siege Tank  
  70  6:13  Orbital Command  
  70  6:16  SCV  
  71  6:20  Marine  
  71  6:21  Marine  
  73  6:27  Marine x2  
  73  6:30  SCV, Viking  
  73  6:31  SCV  
  79  6:44  Marauder, Marine  
  79  6:45  Marine  
  83  6:48  Terran Infantry Weapons Level 1  
  83  6:49  Terran Infantry Armor Level 1  
  83  6:52  Armory  
  83  6:54  Barracks Reactor  
  83  6:55  Marine x2  
  83  6:59  SCV x3  
  88  7:11  SCV  
  88  7:13  Marine, Marauder  
  88  7:49  Marine x3, Marauder  
  90  7:54  Marine x2  
  90  7:57  Marine  
  79  8:07  Marine, Liberator  
  79  8:08  Marine x2  
  79  8:11  Marauder  
  79  8:12  Marine  
  80  8:18  Marine  
  80  8:19  Siege Tank  
  84  8:20  Barracks  
  84  8:23  Barracks  
  84  8:24  Barracks  
  84  8:25  Medivac  
  89  8:27  SCV x3  
  89  8:32  Marauder  
  94  8:35  Refinery x2  
  94  8:36  Marine x2  
  94  8:37  Marine  
  94  8:39  SCV  
  94  8:40  Marine x3  
  101  8:55  Command Center  
  101  9:03  Supply Depot  
  101  9:04  Supply Depot  
  101  9:07  Supply Depot  
  101  9:09  Barracks Reactor  
  101  9:11  Barracks Reactor  
  101  9:12  Terran Infantry Armor Level 2, Terran Infantry Weapons Level 2  
  101  9:25  Marine x7, Marauder  
  101  9:26  Siege Tank, Supply Depot  
  101  9:30  Supply Depot  
  113  9:38  SCV x3  
  116  9:43  Marine x4  
  120  9:47  Marauder  
  120  9:50  Marine, SCV x2  
  120  9:51  Marine x2  
  127  9:58  Siege Tank  
  130  10:08  Marauder  
  132  10:26  Marine x4  
  136  10:29  Marine x2  
  136  10:30  Marauder, Marine x4  
  141  10:37  Marine  
  142  10:43  Siege Tank, Marine  
  142  10:44  Marine  
  142  10:45  Planetary Fortress  
  142  10:48  SCV x3  
  150  10:51  Marauder  
  150  10:53  Unknown  
  152  11:00  SCV  
  121  11:42  Marine x3, Marauder  
  121  11:43  Marine x6  
  121  11:44  Marine x2  
  118  12:05  Marine, Marauder  
  118  12:08  Marine x4  
  118  12:12  SCV x4  
  118  12:15  Siege Tank  
  125  12:18  Medivac x2  
  125  12:21  Marine x2  
  130  12:24  SCV  
  130  12:26  Marauder  
  130  12:29  Marine x2  
  135  12:41  Marine x2  
  135  12:42  Marine x5  
  142  12:46  SCV x3  
  142  12:47  SCV  
  142  12:48  Medivac x2, Marauder  
  149  13:06  Marine  
  149  13:09  Marauder  
  150  13:14  Marine x5  
Tags
 
Composition
Mech
Matchup
TvT
Race
Terran
Spawn Locations
Cross Positions
Add a new tag
Caveats
  • Supply blocks, unpowered buildings, or Contaminate may cause inaccurate times.
  • Supply counts are checked every 10 seconds.